 Dungeon Crawl Stone Soup version 0.19-a0-1111-gcceb26a (webtiles) character file.

142 aronpayne the Magician (level 5, 0/28 HPs)
             Began as a Deep Elf Earth Elementalist on Aug 11, 2016.
             Was an Initiate of Sif Muna.
             Slain by Gorice's ghost (10 damage)
             ... on level 3 of the Dungeon.
             The game lasted 00:19:15 (3478 turns).

aronpayne the Magician (DEEE)                       Turns: 3478, Time: 00:19:16

Health: 0/28       AC:  3    Str:  5    XL:     5   Next: 4%
Magic:  2/14       EV: 14    Int: 21    God:    Sif Muna [......]
Gold:   154        SH:  0    Dex: 15    Spells: 4 memorised, 7 levels left

rFire  . . .     SeeInvis .     r - +0 short sword
rCold  . . .     Gourm    .     c - +0 robe
rNeg   . . .     Faith    .     (no shield)
rPois  .         Spirit   .     (no helmet)
rElec  .         Dismiss  .     (no cloak)
rCorr  .         Reflect  .     g - +0 pair of gloves
SustAt .         Harm     .     (no boots)
MR     .....                    (no amulet)
Stlth  +.........               (no ring)
                                (no ring)

@: very slightly contaminated, glowing
A: no striking features
a: Renounce Religion


You were on level 3 of the Dungeon.
You worshipped Sif Muna.
Sif Muna was noncommittal.
You were hungry.

You visited 1 branch of the dungeon, and saw 3 of its levels.

You collected 154 gold pieces.

Inventory:

Hand Weapons
 r - a +0 short sword (weapon)
Missiles
 b - 87 stones (quivered)
Armour
 c - a +0 robe (worn)
 g - a +0 pair of gloves (worn)
Scrolls
 a - 4 scrolls of identify {unknown}
 f - a scroll of enchant weapon {unknown}
 i - 2 scrolls of amnesia {unknown}
 j - 2 scrolls of enchant armour {unknown}
 k - a scroll of random uselessness {unknown}
 m - 2 scrolls of magic mapping {unknown}
 n - 2 scrolls of remove curse {unknown}
Potions
 d - a potion of mutation {unknown}
 h - a potion of flight {unknown}
 l - a potion of brilliance {unknown}
 p - a potion of might {unknown}
 t - a potion of heal wounds {unknown}
Books
 e - a book of Geomancy

   Spells                             Type                      Level
   a - Sandblast                      Earth                        1
   b - Passwall                       Transmutation/Earth          2
   c - Stone Arrow                    Conjuration/Earth            3
   d - Petrify                        Transmutation/Earth          4
   e - Lee's Rapid Deconstruction     Earth                        5
 u - Kikubaaqudgha's Papyrus of Dark Secrets
   (You found it on level 3 of the Dungeon)

   Spells                             Type                      Level
   a - Animate Skeleton               Necromancy                   1
 v - a book of Unlife

   Spells                             Type                      Level
   a - Recall                         Summoning/Translocation      3
   b - Animate Dead                   Necromancy                   4
   c - Control Undead                 Necromancy                   4
   d - Cigotuvi's Embrace             Necromancy                   5
   e - Death Channel                  Necromancy                   6
   f - Simulacrum                     Ice/Necromancy               6
Comestibles
 q - 2 bread rations
 s - a meat ration


   Skills:
 + Level 0.1 Fighting
 + Level 0.2 Short Blades
 * Level 3.4 Dodging
 + Level 3.3 Stealth
 * Level 5.0 Spellcasting
 + Level 0.2 Conjurations
 + Level 1.3 Transmutations
 * Level 4.1 Earth Magic
 + Level 0.0 Invocations


You had 7 spell levels left.
You knew the following spells:

 Your Spells              Type           Power        Failure   Level  Hunger
a - Sandblast             Erth           ###...       1%          1    None
b - Stone Arrow           Conj/Erth      ##....       17%         3    ##.....
c - Passwall              Tmut/Erth      ###.......   6%          2    None
d - Animate Skeleton      Necr           N/A          12%         1    None


Dungeon Overview and Level Annotations

Branches:
Dungeon (3/15)

Altars:
Kikubaaqudgha
Sif Muna
Vehumet
Yredelemnul

Annotations:
D:3 Gorice's ghost, amateur DsEn


Message History

Aim: Gorice's ghost (moderately damaged)
The blast of sand hits Gorice's ghost.
Gorice's ghost is moderately damaged.
Gorice's ghost hits you.
You barely miss Gorice's ghost.
Gorice's ghost is moderately damaged.
Gorice's ghost hits you.
You closely miss Gorice's ghost.
Gorice's ghost is moderately damaged.
Gorice's ghost misses you.
You barely miss Gorice's ghost.
Gorice's ghost is moderately damaged.
Gorice's ghost hits you.
You hit Gorice's ghost.
Gorice's ghost is moderately damaged.
Gorice's ghost hits you. Gorice's ghost casts a spell at you.
You fall asleep.
Gorice's ghost hits you!
You wake up.
You die...

#.# #.....#.# #..... #.#
#.....#.# #.#### #.# #.....#.#
#.# # #.### #####.....#.# #.#
# #.#.. #.........#.###.# #
#.#.# #.........#...#.# #
#.#.# #.........###.#.#
###.#.####.###.............#.#
.......#.......W@.##.#####...#
.##.#..#.#.....##.##.# #.#.#
.##.#..# #..... #.##.# #.#.#
.##.#..# #..... #.##.# #.###
.##.#..# ###### #.##.# #.#
....#..# #.##.# #.# ########
#.##.. ..# ...... .# #


You could see Gorice's ghost.

Vanquished Creatures
  A howler monkey (D:3)
  4 adders
  An ooze (D:1)
  A dart slug (D:1)
  2 worms (D:2)
  2 giant geckos
  4 giant cockroaches
  6 goblins
  3 hobgoblins (D:1)
  6 jackals
  7 bats
  6 giant newts
  2 gnoll zombies (D:2)
  4 kobolds
  10 rats
59 creatures vanquished.

Notes
Turn   | Place    | Note
-------+----------+-------------------------------------------
     0 | D:1      | aronpayne the Deep Elf Earth Elementalist began the quest for the Orb.
     0 | D:1      | Reached XP level 1. HP: 10/10 MP: 6/6
   318 | D:1      | Reached XP level 2. HP: 15/15 MP: 2/8
   842 | D:1      | Reached XP level 3. HP: 19/19 MP: 5/10
  1090 | D:1      | You fall through a shaft!
  1493 | D:2      | Learned a level 3 spell: Stone Arrow
  1498 | D:2      | Reached skill level 4 in Spellcasting
  2142 | D:2      | Reached XP level 4. HP: 24/24 MP: 4/12
  2787 | D:2      | Found a basalt altar of Yredelemnul.
  2798 | D:2      | Learned a level 2 spell: Passwall
  2955 | D:3      | Found a radiant altar of Vehumet.
  2956 | D:3      | Found a deep blue altar of Sif Muna.
  2956 | D:3      | Found an ancient bone altar of Kikubaaqudgha.
  3020 | D:3      | Identified Kikubaaqudgha's Papyrus of Dark Secrets
  3035 | D:3      | Became a worshipper of Sif Muna the Loreminder
  3039 | D:3      | Learned a level 1 spell: Animate Skeleton
  3128 | D:3      | Reached skill level 5 in Spellcasting
  3128 | D:3      | Reached XP level 5. HP: 28/28 MP: 0/14
  3457 | D:3      | Noticed Gorice's ghost (amateur DsEn)
  3478 | D:3      | Slain by Gorice's ghost

Vault maps used:
D:1:      minmay_arrival_jagged, solitary_fountain
D:2:      lemuel_zombie_altar_yredelemnul, first_bread
D:3:      grunt_temple_overflow_magic_moments, grunt_nemelex_the_gamble

Skill      XL: |  1  2  3  4 |
---------------+-------------+-----
Dodging        | 3 |  3.4
Spellcasting   | 4 5 |  5.0
Stealth        | 3 |  3.3
Earth Magic    | 4 |  4.1
Fighting       | |  0.1
Short Blades   | |  0.2
Conjurations   | |  0.2
Transmutations | |  1.3

Action                   |  1- 3 |  4- 6 || total
-------------------------+-------+-------++-------
Melee: Unarmed           |    18 |       ||    18
       Short sword       |       |    21 ||    21
 Cast: Sandblast         |    74 |    18 ||    92
       Stone Arrow       |    13 |    23 ||    36
  Eat: Chunk             |     1 |     2 ||     3
       Bread ration      |     1 |       ||     1
       Royal jelly       |       |     1 ||     1
Armor: Robe              |     8 |     7 ||    15
Dodge: Dodged            |    51 |    26 ||    77
